 Dungeon Crawl Stone Soup version 0.27.1-2-g3b301248ec (webtiles) character file.

Game seed: 8254432336213978808

30 sarasada the Sneak (level 3, 0/18 HPs)
             Began as a Spriggan Brigand on Oct 2, 2021.
             Slain by a gnoll shaman (7 damage)
             ... on level 3 of the Dungeon.
             The game lasted 00:14:57 (2000 turns).

sarasada the Sneak (Spriggan Brigand)               Turns: 2000, Time: 00:14:58

Health: 0/18       AC:  3    Str:  6 (7)  XL:     3   Next: 3%
Magic:  4/4        EV: 16    Int: 10 (12) God:
Gold:   17         SH:  0    Dex: 14 (17) Spells: 2/2 levels left

rFire    . . .     SeeInvis +   n - +3 long sword (vamp)
rCold    . . .     Faith    .   (shield restricted)
rNeg     . . .     Spirit   .   b - +0 robe
rPois    .         Reflect  .   (helmet restricted)
rElec    .         Harm     .   c - +0 cloak
rCorr    .         Rampage  .   (gloves unavailable)
Will     .....                  (boots unavailable)
Stlth    +++.......             (no amulet)
HPRegen  0.06/turn              (no ring)
MPRegen  0.09/turn              (no ring)

@: lethally poisoned (0 -> -2), very quick
A: very small, no large weapons, unfitting armour, see invisible, speed 3
a: no special abilities


You were on level 3 of the Dungeon.
You visited 1 branch of the dungeon, and saw 4 of its levels.

You collected 40 gold pieces.
You spent 23 gold pieces at shops.

Inventory:

Hand Weapons
 a - a +2 dagger
 j - a +2 short sword of flaming
 n - a +3 vampiric long sword (weapon)
Missiles
 d - 29 poisoned darts (quivered)
 e - 2 curare-tipped darts
 g - a throwing net
Armour
 b - a +0 robe (worn)
 c - a +0 cloak (worn)
Scrolls
 l - a scroll of identify
 p - a scroll of fog


   Skills:
 + Level 1.8 Fighting
 + Level 2.2 Short Blades
 + Level 2.0 Throwing
 + Level 1.7 Dodging
 + Level 7.0 Stealth


You had 2 spell levels left.
You didn't know any spells.
Your spell library was empty.

Dungeon Overview and Level Annotations

Branches:
Dungeon (4/15)
 Temple: D:4-7

Altars:

Shops:
D:3 :*

Annotations:
D:2 Robin


Innate Abilities, Weirdness & Mutations

You are very small and have problems with some larger weapons.
You are too small for most types of armour.
You have supernaturally acute eyesight. (SInv)
You cover ground extremely quickly. (Speed+++)


Message History

The kobold shouts!
The endoplasm quivers.
The gnoll shaman shouts!
The endoplasm freezes you.
You are frozen.
There is an open door here.
You slash the endoplasm!
You kill the endoplasm!
The adder closely misses you.
You closely miss the adder. The adder misses you.
You closely miss the adder. The adder closely misses you. The adder bites you.
You hit the adder.
The adder is moderately wounded.
The adder completely misses you.
You riposte.
You miss the adder.
The adder is moderately wounded.
The adder closely misses you.
You hit the adder.
You feel better.
The adder is severely wounded.
The adder bites you but does no damage. The adder closely misses you.
You riposte.
You miss the adder.
The adder is severely wounded.
You hit the adder.
The adder is almost dead.
The adder bites you.
You are poisoned.
The adder poisons you!
You miss the adder.
The adder is almost dead.
You feel very sick. The adder barely misses you.
You riposte.
You closely miss the adder.
The adder is almost dead.
The adder closely misses you.
You completely miss the adder.
The adder is almost dead.
You feel sick. The adder bites you but does no damage. The adder misses you.
You slash the adder!
You kill the adder!
You feel sick.
The gnoll shaman hits you with a +0 whip!
You die...

#()!# #.#.#### #...# #.#.# #
#...# ..#.# #.+ #...# ...#.#
#.# #...# #.#.#.# #..### #.Z.#
###..#.#.#
##....####.K.####...##.#.#
##..##....##g##....####.#.#
#...#..##....@..##......#.#
#.#.#.######..###########.#
#..∩..######.############.#
.....#.#.................)...#
#### #...#####################
#####


You could see a gnoll shaman, a kobold and a hound skeleton.

Vanquished Creatures
  An adder (D:3)
  A worm (D:2)
  A dart slug (D:1)
  4 endoplasms
  A giant cockroach (D:1)
  4 goblins
  A hobgoblin (D:2)
  A ball python (D:2)
  3 bats
  A frilled lizard (D:1)
  3 kobolds (D:1)
  4 rats
25 creatures vanquished.

Notes
Turn   | Place    | Note
-------+----------+-------------------------------------------
     0 | D:1      | sarasada the Spriggan Brigand began the quest for the Orb.
     0 | D:1      | Reached XP level 1. HP: 10/10 MP: 2/2
   165 | D:1      | Reached skill level 6 in Stealth
   294 | D:1      | Reached XP level 2. HP: 15/15 MP: 3/3
  1165 | D:2      | Reached skill level 7 in Stealth
  1303 | D:2      | Noticed Robin
  1704 | D:2      | You fall into a shaft and drop 2 floors!
  1711 | D:3      | Found Ruipek's Assorted Antiques.
  1720 | D:3      | Reached XP level 3. HP: 18/18 MP: 4/4
  1743 | D:3      | Bought a scroll labelled GUAKEA APTA for 23 gold pieces
  1947 | D:3      | Found Tomud's Book Shoppe.
  2000 | D:3      | Slain by a gnoll shaman

Illustrated notes

Levels and vault maps discovered:
D:1:      dpeg_arrival_round_c, layout_loops_cross, serial_glass,
          glass_columns_c, glass_columns_b
D:2:      layout_loops_cross, dilly_ecumenical_altar_fadedgnrine, uniq_robin
D:3:      layout_basic, evilmike_ruin_ashenzari, serial_shops,
          nicolae_shop_statue_plus, shop, nicolae_shop_stone,
          nicolae_shop_crystal, grunt_ministairs_15, dk_vineyard_3,
          minmay_divided_ellipse
D:4:      layout_cave_pools, due_unseen_surprise

Skill      XL: |  1  2 |
---------------+-------+-----
Stealth        | 6 7 |  7.0
Fighting       | |  1.8
Short Blades   | |  2.2
Throwing       | |  2.0
Dodging        | |  1.7

Action                   || total
-------------------------++-------
Melee: Dagger            ||    41
       Long sword        ||    19
       Short sword       ||     5
  Use: Scroll            ||     7
       Potion            ||     2
 Stab: Sleeping          ||    13
Armor: Robe              ||    13
Dodge: Dodged            ||    41
       Rpst.: Long sword ||     6
